 Dungeon Crawl Stone Soup version 0.32-a0-607-g64ea0e4219 (webtiles) character file.

Game seed: 12620080231168480522

8 Ecant the Sneak (level 2, 0/13 HPs)
             Began as a Spriggan Earth Elementalist on Mar 4, 2024.
             Slain by a kobold
             ... wielding a +0 short sword of speed
              (3 damage)
             ... on level 2 of the Dungeon.
             The game lasted 00:12:49 (1102 turns).

Ecant the Sneak (Spriggan Earth Elementalist)       Turns: 1102, Time: 00:12:50

Health: 0/13       AC:  2    Str:  4    XL:     2   Next: 0%
Magic:  6/6        EV: 17    Int: 16    God:
Gold:   104        SH:  0    Dex: 15    Spells: 5/6 levels left

rFire   . . .        j - staff of air
rCold   . . .        (shield currently unavailable)
rNeg    . . .        a - +0 robe
rPois   .            (helmet restricted)
rElec   +            (no cloak)
rCorr   .            (gloves unavailable)
SInv    +            (boots unavailable)
Will    .....        (no amulet)
Stlth   ++           (no ring)
HPRegen 0.22/turn    (no ring)
MPRegen 0.10/turn

%: no passive effects
@: lethally poisoned (0 -> -2), very quick
A: very small, no large weapons, unfitting armour, see invisible, speed 3
a: no special abilities


You were on level 2 of the Dungeon.
You visited 1 branch of the dungeon, and saw 2 of its levels.

You collected 104 gold pieces.

Inventory:

Hand Weapons
 c - a +0 short sword
 e - a +0 sling
 g - a +0 sling
 n - a +0 quarterstaff
Missiles
 f - 10 stones
Armour
 a - a +0 robe (worn)
 h - a +0 robe
 k - a +0 pair of boots
 l - a +0 ring mail
Magical Staves
 j - a staff of air (weapon)
Talismans
 d - a flux talisman
Scrolls
 m - a scroll of identify {unknown}
Potions
 b - 2 potions of magic
 i - a potion of lignification {unknown}


   Skills:
 + Level 0.4 Short Blades
 + Level 2.8 Dodging
 + Level 3.0 Stealth
 + Level 0.2 Unarmed Combat
 + Level 2.9 Spellcasting
 + Level 0.6 Conjurations
 + Level 2.8 Earth Magic


You had 5 spell levels left.
You knew the following spells:

 Your Spells              Type           Power      Damage    Failure   Level
a - Sandblast             Erth           22%        2d7       6%          1

Your spell library contained the following spells:

 Spells                   Type           Power      Damage    Failure   Level
 Passwall                 Erth           11%        N/A       17%         3
 Stone Arrow              Conj/Erth      14%        3d7       28%         3
 Call Canine Familiar     Summ           2%         N/A       50%         3
 Sigil of Binding         Hex            2%         N/A       50%         3
 Brom's Barrelling Bould  Conj/Erth      7%         2d3       67%         4
 Petrify                  Alch/Erth      6%         N/A       71%         4
 Dimensional Bullseye     Hex/Tloc       1%         N/A       88%         4


Dungeon Overview and Level Annotations

Branches:
Dungeon (2/15)

Altars:


Innate Abilities, Weirdness & Mutations

You are very small and have problems with some larger weapons.
You are too small for most types of armour.
You have supernaturally acute eyesight. (SInv)
You cover ground extremely quickly. (Speed+++)


Message History

Okay, then.
There is a stone staircase leading down here.
You climb downwards.
Found 3 stones and a book of Misfortune.
Found a faded altar of an unknown god.
Found an escape hatch in the ceiling.
Found a stone staircase leading down.
There is a stone staircase leading up here.
You see here 3 stones.
Unknown command.
f - 10 stones (gained 3)
The adder hisses angrily.
The goblin hits you with a +0 club.
You barely miss the bat. The bat completely misses you. The goblin misses you.
The bat closely misses you.
You hit the bat.
You kill the bat!
The bat closely misses you. The goblin barely misses you.
You have reached level 2!
Unknown command.
Unknown command.
You barely miss the goblin. The bat completely misses you.
The goblin hits you but does no damage. The adder closely misses you.
You hit the adder.
The adder is lightly wounded.
The bat hits you but does no damage. The goblin closely misses you.
The adder bites you.
You are poisoned.
The adder poisons you! The goblin hits you but does no damage.
The adder bites you.
You feel sick.
You feel sick. The bat completely misses you. The adder completely misses you.
You closely miss the goblin.
You feel sick. The bat closely misses you. The adder misses you.
The goblin closely misses you. The kobold closely misses you.
The adder bites you but does no damage.
You barely miss the goblin.
* * * LOW HITPOINT WARNING * * *
You feel sick. The bat hits you but does no damage.
The kobold hits you with a +0 short sword of speed.
You die...

######## #......#
####+####.#
.......<@g#
.......KSb.......
............S####
.............#
....<.....####
.:..._....#
>..........
#.##.#######


You could see an adder, a goblin, a bat, a ball python (asleep) and a kobold.

Vanquished Creatures
  2 hobgoblins (D:1)
  A ball python (D:1)
  3 bats
  A kobold (D:1)
  2 rats (D:1)
9 creatures vanquished.

Notes
Turn   | Place    | Note
-------+----------+-------------------------------------------
     0 | D:1      | Ecant the Spriggan Earth Elementalist began the quest for
                  | the Orb.
     0 | D:1      | Reached XP level 1. HP: 9/9 MP: 5/5
  1091 | D:2      | Found a faded altar of an unknown god.
  1097 | D:2      | Reached XP level 2. HP: 13/13 MP: 6/6
  1102 | D:2      | Slain by a kobold

Illustrated notes

Levels and vault maps discovered:
D:1:      nicolae_arrival_memento_mori, layout_rooms, roderic_lattice_a,
          minmay_misc_feat_diagonals, st_stairs_1, minmay_hedge_maze,
          minivault_5
D:2:      layout_basic, basic_altar, basic_ecumenical_altar, st_stairs_11,
          chequers_serial_rivers_micro_b, kennysheep_flooded_box, hex_medium,
          uniq_robin

Action                     || total
---------------------------++-------
  Melee: Unarmed           ||    42
         Short sword       ||    25
         Staff             ||     6
 Armour: Robe              ||    25
  Dodge: Dodged            ||    78

Table legend: (Time is in decaauts)
 A = Elapsed time spent in this place.
 B = Non-inter-level travel time spent in this place.
 C = Inter-level travel time spent in this place.
 D = Time resting spent in this place.
 E = Time spent auto-exploring this place.
 F = Levels seen in this place.
 G = Mean time per level.
                   A        B        C        D        E       F      G
               +--------+--------+--------+--------+--------+-----+--------+
         Total |    702 |    253 |    449 |      0 |     87 |   2 |  351.0 |
       Dungeon |    702 |    253 |    449 |      0 |     87 |   2 |  351.0 |
               +--------+--------+--------+--------+--------+-----+--------+

Top non-repeatable levels by time:
     D:1: 692 daAuts
     D:2: 10 daAuts
